 Dungeon Crawl Stone Soup version 0.7.1-24-ga64cc90 character file.

118 Dieanna the Skirmisher (level 3, -1/30 HPs)
             Began as a Ghoul Fighter on Sept 7, 2010.
             Slain by an orc
             ... wielding a +0,+0 orcish hand axe
              (3 damage)
             ... on Level 2 of the Dungeon.
             The game lasted 00:08:36 (2019 turns).

Dieanna the Skirmisher (Ghoul Fighter)              Turns: 2019, Time: 00:08:36

HP  -1/30        AC  5     Str 20 Exp: 3/67 (0), need: 16
MP   1/1         EV 10     Int  3      God:
Gold 72          SH 17     Dex 13      Spells:  0 memorised,  2 levels left

Res.Fire  : . . .   See Invis. : .   a - +0 short sword
Res.Cold  : + . .   Warding    : .   b - +0 scale mail
Life Prot.: + + +   Conserve   : .   c - +0 shield
Res.Poison: +       Res.Corr.  : .   (no helmet)
Res.Elec. : .       Clarity    : .   (no cloak) Spirit.Shd: . Stasis : .
                                     (no gloves)
Sust.Abil.: . .     Rnd.Telep. : .   (no boots)
Res.Mut.  : .       Ctrl.Telep.: .   (no amulet)
Res.Rott. : +       Levitation : .   (no ring)
Saprovore : + + +   Ctrl.Flight: .   (no ring)

@: agile, rotting, not resistant to hostile enchantments, unstealthy
A: claws 1, carnivore 3, cold resistance 1, life protection 3, poison
resistance, saprovore 3, slow healing 1, torment resistance
a: no special abilities


You were on level 2 of the Dungeon.
You were not hungry.

You visited 1 branch of the dungeon, and saw 3 of its levels.

You collected 52 gold pieces.

Inventory:

Hand weapons
 a - a +0,+0 short sword (weapon)
Armour
 b - a +0 scale mail (worn)
 c - a +0 shield (worn)
Comestibles
 f - a meat ration
 p - a rotting chunk of hobgoblin flesh
 q - a rotting chunk of giant bat flesh
 r - 3 rotting chunks of hobgoblin flesh
 u - a chunk of giant bat flesh
 w - 2 chunks of orc flesh
Scrolls
 d - a scroll of enchant armour {unknown}
 k - a scroll of enchant weapon II {unknown}
 l - a scroll of blinking {unknown}
 m - 2 scrolls of identify {unknown}
 n - 2 scrolls of fog {unknown}
 s - a scroll of paper {unknown}
 t - a scroll of noise {unknown}
Potions
 e - a potion of heal wounds {unknown}
 h - a potion of restore abilities {unknown}
 o - a potion of brilliance {unknown}
 v - a potion of healing {unknown}
Books
 g - a book of Envenomations

   Spells                             Type                      Level
   Spider Form                        Transmutation/Poison         3
   Poison Weapon                      Enchantment/Poison           3
   Summon Scorpions                   Summoning/Poison             4
   Resist Poison                      Enchantment/Poison           4
   Olgreb's Toxic Radiance            Poison                       4
   Poisonous Cloud                    Conjuration/Poison/Air       5
 i - a book of Air

   Spells                             Type                      Level
   Shock                              Conjuration/Air              1
   Swiftness                          Enchantment/Air              2
   Repel Missiles                     Enchantment/Air              2
   Levitation                         Enchantment/Air              2
   Mephitic Cloud                     Conjuration/Poison/Air       3
   Static Discharge                   Conjuration/Air              4
   You had 0 experience left.


   Skills:
 + Level 3 Fighting
 + Level 2 Short Blades
 + Level 3 Armour
 + Level 2 Shields


You had 2 spell levels left.
You didn't know any spells.

Dungeon Overview and Level Annotations

Branches:
Dungeon (3/27)

Altars:


Innate Abilities, Weirdness & Mutations

Your body is rotting away.
You have sharp fingernails.
You are carnivorous and can eat meat at any time.
Your flesh is cold resistant.
You are immune to negative energy.
Your system is resistant to poisons.
You thrive on rotten meat.
You heal slowly.
You are immune to unholy pain and torment.


Message History

There is a stone staircase leading up here.
The orc hits you with an orcish hand axe.
* * * LOW HITPOINT WARNING * * *
You block the orc's attack.
You climb upwards.
The orc hits you with an orcish hand axe.
You die...

#.# #.####### #.......#
#.#####.# #.# #.#######
#.# #.......# #^#
#(......#
##.#####.......#
......o@.......#
.#.#####o......#
.#....#........#
.#.##.#.#......#
...............##########
#...#.#.#########.......#
#....<#.# #...[...#
#.....#.# #.......#
#.....#.# #.......#


You could see 2 orcs.

Vanquished Creatures
  A giant gecko (D:1)
  An ooze (D:1)
  8 giant bats
  4 giant cockroaches (D:1)
  7 hobgoblins
  An orc (D:3)
  5 giant newts
  6 goblins
  3 kobolds
  9 rats
45 creatures vanquished.

Notes
Turn   | Place    | Note
--------------------------------------------------------------
     0 | D:1      | Dieanna, the Ghoul Fighter, began the quest for the Orb.
     0 | D:1      | Reached XP level 1. HP: 17/17 MP: 0/0
   138 | D:1      | Reached XP level 2. HP: 21/24 MP: 1/1
   698 | D:1      | Reached XP level 3. HP: 30/30 MP: 1/1
  2019 | D:2      | Slain by an orc
